Cogmind - Beta 14 @@@ ROGUE MODE // 2025.03.29 @ 16:24:42 Player: SirusTheMadDJ Result: Destroyed by G-34 Mercenary with Small Laser Performance ------------- Evolutions (0) 0 Regions Visited (1) 200 Robots Destroyed (16) 80 Value Destroyed (372) 372 Prototype IDs (0) 0 Alien Tech Used (0) 0 Bonus (0) 0 TOTAL SCORE: 652 Bonus ------- None Cogmind --------- Core Integrity 0/250 Matter 215/300 Energy 125/125 System Corruption 0% Temperature Cool (6) Movement Flying (200) Ox2 Location -10/Materials Parts ------- > --- POWER (1) -------- Light Ion Engine > --- PROPULSION (2) --- Flight Unit > --- UTILITY (2) ------ Small Storage Unit > --- WEAPON (2) ------- Light Assault Rifle > --- INVENTORY (8) ---- Light Treads Light Treads Aluminum Leg Flight Unit Flight Unit Peak State ------------ > --- POWER ------------ Light Nuclear Core > --- PROPULSION ------- Aluminum Leg Aluminum Leg > --- UTILITY ---------- Small Storage Unit > --- WEAPON ----------- Medium Laser Grenade Launcher > --- INVENTORY -------- Light Ion Engine Light Treads Light Treads Flight Unit Flight Unit Flight Unit Flight Unit [Rating: 8] Favorites ----------- Power Ion Engine Engine Ion Engine Power Core Light Nuclear Core Propulsion Aluminum Leg Leg Aluminum Leg Flight Unit Flight Unit Utility Small Storage Unit Device Tractor Beam Storage Small Storage Unit Weapon Medium Laser Energy Gun Medium Laser Ballistic Gun Assault Rifle Launcher Grenade Launcher Build | -11 -10 ------- Run | Yrd Mat Slots Evolved . | . . Power . | . . Propulsion . | . . Utility . | . . Weapon . | . . Parts Attached 15 | 7 8 Power 4 | 1 3 Engine 3 | 1 2 Core 1 | . 1 Reactor . | . . Propulsion 5 | 2 3 Treads . | . . Leg 3 | 2 1 Wheel . | . . Hover . | . . Flight 2 | . 2 Utility 2 | 2 . Device 1 | 1 . Storage 1 | 1 . Processor . | . . Hackware . | . . Protection . | . . Artifact . | . . Weapon 4 | 2 2 Energy Gun 1 | 1 . Energy Cannon . | . . Ballistic Gun 2 | 1 1 Ballistic Cannon . | . . Launcher 1 | . 1 Special Weapon . | . . Impact Weapon . | . . Slashing Weapon . | . . Piercing Weapon . | . . Special Melee Weapon . | . . Unidentified Prototypes . | . . Parts Lost 9 | . 9 Power 2 | . 2 Propulsion 3 | . 3 Utility 1 | . 1 Weapon 3 | . 3 Highest Loss Streak 4 | . 4 To Critical Strikes . | . . Average Slot Usage (%) 82 | . 82 Engine 10 | . 10 Core 2 | . 2 Leg 25 | . 25 Flight 1 | . 1 Device 5 | . 5 Storage 14 | . 14 Energy Gun 10 | . 10 Ballistic Gun 10 | . 10 Launcher 1 | . 1 Peak Build Rating 8 | 7 8 Average Rating 5 | 4 6 On Entrance 3 | . 7 Naked Turns . | . . Heaviest Build 15 | 15 15 Greatest Support 20 | 20 20 Greatest Overweight (x) . | . . Average Overweight (x) . | . . Largest Inventory Capacity 8 | 8 8 Average Capacity 7 | 6 8 Most Carried 8 | 2 8 Average Carried 5 | . 6 Final Capacity 8 | 8 8 Final Carried 5 | 2 5 Class Distribution -------------------- 100% | Mutant Dominant Class ---------------- Mutant | -10/Materials Resources | -11 -10 ----------- Run | Yrd Mat Matter Collected 354 | 273 81 Remotely 102 | 73 29 Salvage Created 598 | 88 510 Parts 33 | 2 31 Haulers Intercepted 1 | . 1 Recyclers Shooed . | . . Parts Field Recycled . | . . Retrieved Matter . | . . Parts Self-Destructed . | . . Prevented . | . . Kills | -11 -10 ------- Run | Yrd Mat Combat Hostiles Destroyed 11 | . 11 Guns 9 | . 9 AOE 2 | . 2 Classes Destroyed 5 | 1 4 Builder 2 | . 2 Hauler 1 | . 1 Recycler 2 | 1 1 Swarmer 3 | . 3 Grunt 8 | . 8 Best Kill Streak 4 | 1 4 Combat Bots Only 3 | . 3 Max Kills in Single Turn 2 | 1 2 Gunslinging . | . . Exploded 2 | . 2 Melee . | . . Uniques/NPCs Destroyed . | . . Combat | -11 -10 -------- Run | Yrd Mat Hostile Shots Fired 113 | . 113 Missed 24 | . 24 Damage Taken 1063 | . 1063 Core 252 | . 252 Absorbed by Shields . | . . Core Remaining (%) 100 | 100 . Volleys Fired 66 | 1 65 Largest 2 | 1 2 Hottest 80 | 20 80 Shots Fired 85 | 1 84 Gun 80 | 1 79 Cannon . | . . Launcher 5 | . 5 Special . | . . Kinetic 47 | 1 46 Thermal 33 | . 33 Explosive 5 | . 5 Electromagnetic . | . . Robot Hit Streak 10 | 1 10 Robot Miss Streak 4 | . 4 Penetration Max . | . . Secondary Targets . | . . Shots Hit Robots 58 | 1 57 Core Hits 28 | 1 27 Critical Kills . | . . Critical Parts Destroyed . | . . Critical Strikes 2 | . 2 Burn 2 | . 2 Melee Attacks . | . . Impact . | . . Slashing . | . . Piercing . | . . Sneak Attacks . | . . Combat Hostiles . | . . Follow-up Attacks . | . . Damage Inflicted 973 | 15 958 Guns 646 | 15 631 Cannons . | . . Explosions 327 | . 327 Melee . | . . Ramming . | . . Kinetic 358 | 15 343 Thermal 288 | . 288 Explosive 327 | . 327 Electromagnetic . | . . Impact . | . . Slashing . | . . Piercing . | . . Highest Corruption . | . . Average Corruption . | . . Corruption Purged . | . . Corruption Blocked . | . . Overload Shots . | . . Overflow Damage . | . . Projectiles . | . . Explosions . | . . Melee . | . . Knockbacks . | . . Impact . | . . Kinetic . | . . Secondary . | . . Self-Inflicted Damage 38 | . 38 Shots 1 | . 1 Rammed . | . . Targets Rammed . | . . Kicked . | . . Crushed . | . . Highest Temperature 146 | . 146 Average Temperature 43 | . 43 Received Heat Transfer 477 | . 477 Siege Activations . | . . Robots Corrupted . | . . Combat Hostiles . | . . Parts Fried . | . . Impact Corruptions . | . . Robots Melted . | . . Combat Hostiles . | . . Parts Melted 1 | . 1 Heat Transferred 999 | . 999 Parts Sabotaged . | . . Parts Stolen . | . . Parts Stripped . | . . Power Chain Reactions . | . . Alert | -11 -10 ------- Run | Yrd Mat Peak Influence 247 | 5 247 Initial 3 | . 3 Average 86 | 2 108 Maximum Alert Level 1 | . 1 Low Security (%) 90 | 100 87 Level 1 10 | . 12 Level 2 . | . . Level 3 . | . . Level 4 . | . . Level 5 . | . . High Security . | . . Max Security . | . . Squads Dispatched 1 | . 1 Investigation 1 | . 1 Extermination . | . . Reinforcement . | . . Assault . | . . Garrison . | . . Intercept . | . . Searches Triggered . | . . Construction Impeded . | . . Haulers Reinforced . | . . Active Scanning Responses . | . . Cargo Convoy Interrupts . | . . Stealth | -11 -10 --------- Run | Yrd Mat Distress Signals 1 | . 1 Communications Jammed . | . . Distress Signals . | . . Times Spotted 13 | . 13 Peak Tracking Total 4 | . 4 Tactical Retreats . | . . Traps | -11 -10 ------- Run | Yrd Mat Traps Triggered . | . . Indirectly . | . . Trap Hack Attempts . | . . Triggered . | . . Disarmed . | . . Reprogrammed . | . . Reused . | . . Traps Extracted . | . . Installed . | . . Triggered . | . . Machines | -11 -10 ---------- Run | Yrd Mat Machines Disabled 2 | . 2 Max in Single Turn 1 | . 1 Machines Repaired . | . . Machines Dismantled . | . . Machines Sabotaged . | . . Overloaded Fab Kills . | . . Hacking | -11 -10 --------- Run | Yrd Mat Machines Accessed 2 | . 2 Terminals 2 | . 2 Fabricators . | . . Repair Stations . | . . Recycling Units . | . . Scanalyzers . | . . Garrison Access . | . . Total Hacks 5 | . 5 Successful . | . . Failed 5 | . 5 Catastrophic 3 | . 3 Database Lockouts . | . . Manual 4 | . 4 Terminals 5 | . 5 Fabricators . | . . Repair Stations . | . . Recycling Units . | . . Scanalyzers . | . . Garrison Access . | . . Terminal Hacks . | . . Fabricator Hacks . | . . Repair Station Hacks . | . . Recycling Unit Hacks . | . . Scanalyzer . | . . Garrison Access Hacks . | . . Unauthorized Hacks . | . . Terminals . | . . Fabricators . | . . Repair Stations . | . . Recycling Units . | . . Scanalyzers . | . . Garrison Access . | . . Data Cores Recovered . | . . Used . | . . Hacking Detections 2 | . 2 Full Trace Events 2 | . 2 Feedback Events . | . . Feedback Blocked . | . . Robot Schematics Acquired . | . . Robots Built . | . . Authchips . | . . Time . | . . Total Robot Build Rating . | . . Part Schematics Acquired . | . . Parts Built . | . . Authchips . | . . Time . | . . Total Part Build Rating . | . . Parts Repaired . | . . Time . | . . Parts Recycled . | . . Recycled Matter . | . . Retrieved Matter . | . . Retrieved Components . | . . Parts Scanalyzed . | . . Part Schematics Acquired . | . . Parts Damaged . | . . Bothacking | -11 -10 ------------ Run | Yrd Mat Used RIF Installer . | . . Robots Hacked . | . . Non-combat . | . . Combat . | . . Robot Hacks Applied . | . . Relay Couplers Released . | . . Fabnet Peak Effective % . | . . Robots Rewired . | . . Allies Hacked . | . . Hacks Repelled . | . . Allies | -11 -10 -------- Run | Yrd Mat Total Allies . | . . Largest Group . | . . Highest-Rated Group . | . . Highest-Rated Ally . | . . Total Orders . | . . Ally Attacks . | . . Total Damage . | . . Kills . | . . Allies Corrupted . | . . Allies Melted . | . . Intel | -11 -10 ------- Run | Yrd Mat Robot Analysis Total . | . . Derelict Logs Recovered . | . . Drone Launches . | . . Drone Recoveries . | . . Exploration | -11 -10 ------------- Run | Yrd Mat Turns Passed 360 | 75 285 Spaces Moved 150 | 53 97 Core 4 | 4 . Treads . | . . Legs 146 | 49 97 Wheels . | . . Hover . | . . Flight . | . . Fastest Speed 50 | 50 120 Average Speed 118 | 114 120 Slowest Speed 120 | 120 120 Overloaded Moves . | . . Propulsion Burnouts . | . . Robots Hopped . | . . Cave-ins Triggered . | . . Exploration Rate (%) 11 | 6 16 Regions Visited 1 Branch Regions . Pre-discovered Areas . | . . Known Exits Taken . | . . Unknown Exits Taken 1 | 1 . Scrap Searched . | . . Spaces Dug . | . . Terrain Destroyed 6 | . 6 Melee . | . . Projectile . | . . AOE 6 | . 6 Terrain Rammed . | . . Walls Destroyed . | . . Machines Disabled . | . . Actions | -11 -10 --------- Run | Yrd Mat Total 247 | 62 185 Wait 9 | . 9 Move 149 | 52 97 Hop . | . . Pick Up 8 | 2 6 Fast Attach 9 | 7 2 Attach 4 | . 4 Detach . | . . Swap 2 | . 2 Drop . | . . Fire 66 | 1 65 Melee . | . . Ram . | . . Kick . | . . Crush . | . . Escape Stasis . | . . Rewire . | . . Trap . | . . Miscellaneous . | . . Route ------- -11/Scrapyard -10/Materials History --------- Turn | Location | Event 6 | -11/Scrapyard | Discovered new exit (range 16) 76 | -11/Scrapyard | Entered Materials 322 | -10/Materials | Build established: Mutant 329 | -10/Materials | Lost 3 parts (1p2w) 337 | -10/Materials | Core integrity fell below 50% 346 | -10/Materials | Core integrity fell below 20% 361 | -10/Materials | Destroyed by G-34 Mercenary with Small Laser Last Messages --------------- U-05 Engineer lays Concrete. U-05 Engineer builds a Wall. U-05 Engineer lays Concrete. Aluminum Leg destroyed. G-34 Mercenary destroyed. K-01 Serf collects debris. U-05 Engineer lays Concrete. U-05 Engineer destroyed. K-01 Serf collects debris. U-05 Engineer lays Concrete. K-01 Serf collects debris. U-05 Engineer lays Concrete. K-01 Serf collects debris. U-05 Engineer builds a Wall. Flight Unit destroyed. U-05 Engineer lays Concrete. K-01 Serf collects debris. U-05 Engineer destroyed. G-34 Mercenary destroyed. K-01 Serf collects debris. Map ----- +----------------------------------------------------+ | | | | | | | | | | | | | | | | | | | | | ?????????????????????????????????????????????????? | | ?????????????????????????????????????????????????? | | ?????????????????????????????????????????????????? | | ?????????????????????????????????????????????????? | | ?????????????????????????????????????????????????? | | ?????????????????????????????????????????????????? | | ?????########################????????????????????? | | ?????# # ???????????????????? | | ?????# T # ???????????????????? | | ?????# *#! #?????????????????????????? | | ?????# %+% #?????????????????????????? | | ?????# #[ ##########????????????????? | | ?????# # # ! """ ???????????????? | | ?### ######## #*" """""???????????????? | | ?# %! #=T! """""???????????????? | | ?# ! !#!@|| """"" #?????????????? | | ?# "" !!=#%!%= """ #?????????????? | | ?# "Y """ %u*!ku #?????????????? | | ?# "" """ [#g%!* #?????????????? | | ?# ^ """"" #############?????????????? | | ?# """"" #####?????????????????????? | | ?# ^ """ #?????????????????????????? | | ?# ?????????????????????????? | | ?# ^ ##????????????????????????? | | ?# ^ %% #?????????????????????????? | | ? ?????????????????????????? | | ????????????????????????? | | ? ???????????????????????? | | ??? ###???????????????????????? | | ??????########"T"### #?????????????????????????? | | ????????????????"??# #?????????????????????????? | | ???????????????????# ??????????????????????????? | | ???????????????????? ??????????????????????????? | | ?????????????????????????????????????????????????? | | ?????????????????????????????????????????????????? | | ?????????????????????????????????????????????????? | | ?????????????????????????????????????????????????? | | ?????????????????????????????????????????????????? | | ?????????????????????????????????????????????????? | | ?????????????????????????????????????????????????? | +----------------------------------------------------+ Best States ------------- Heat Dissipation 25 Energy Generation 14 Energy Capacity 250 Matter Stores 300 Matter Capacity 300 Sight Range 16 Terrain Scan Density 10 Evasion (%) 55 Item Schematics ----------------- None Robot Schematics ------------------ None Fabricated ------------ Nothing Alien Tech Used ----------------- None Achievements -------------- None Challenges ------------ None Game ------ Seed GrapheneRelayWeb Manual? 0 Play Time 00:09:22 Cumulative 11.1 hours Start 2025.03.29 @ 16:17:12 End 2025.03.29 @ 16:24:42 Sessions 1 Manual Loads 0 Difficulty Rogue Special Mode None Game No. 26 Rogue 26 Adventurer 0 Explorer 0 Win Type - Total 0 Types 0/0/0/0/0/0/0/0/0 Lore% 4 Gallery% 15 Achievement% 15 Wizard Run 0 Options --------- Layout 1 ASCII 0 Keyboard 0 Movement Mouse Keybinds 0 Fullscreen 1 Font 24/Smallcaps Map View 50x35 Zoom Use 0% Tactical HUD 0 Map Filters NONE Filters NONE Steam 1 RUN: 7b4ff9cb-d16c-4369-b071-7a539854cfac